 Dungeon Crawl Stone Soup version 0.22-a0-240-g539252a (webtiles) character file.

53 wolfsongas the Chiller (level 3, -1/26 HPs)
             Began as a Gnoll Ice Elementalist on Feb 22, 2018.
             Was a Believer of Lugonu.
             Slain by a worm (3 damage)
             ... on level 3 of the Dungeon.
             The game lasted 00:05:04 (2226 turns).

wolfsongas the Chiller (Gnoll Ice Elementalist)     Turns: 2226, Time: 00:05:05

Health: -1/26      AC: 11    Str: 10    XL:     3   Next: 87%
Magic:  9/9        EV:  2    Int: 18    God:    Lugonu [**....]
Gold:   115        SH:  0    Dex: 15    Spells: 11/12 levels left

rFire    . . .     SeeInvis +   d - +0 dagger
rCold    + . .     Gourm    .   (no shield)
rNeg     . . .     Faith    .   f - +1 plate armour {rC+}
rPois    .         Spirit   .   (no helmet)
rElec    .         Reflect  .   (no cloak)
rCorr    .         Harm     .   (no gloves)
MR       .....                  (no boots)
Stlth    ..........             (no amulet)
HPRegen  0.08/turn              g - ring of see invisible
MPRegen  0.11/turn              (no ring)

@: no status effects
A: distributed training, fangs 1, strong nose
a: Depart the Abyss, Bend Space, Renounce Religion


You were on level 3 of the Dungeon.
You worshipped Lugonu.
Lugonu was pleased with you.
You were not hungry.

You visited 1 branch of the dungeon, and saw 3 of its levels.

You collected 115 gold pieces.

Inventory:

Hand Weapons
 d - a +0 dagger (weapon)
Missiles
 c - 50 sling bullets
 h - 96 stones (quivered)
Armour
 a - a +0 robe
 f - a +1 plate armour of cold resistance (worn)
 n - a +0 ring mail
Jewellery
 g - a ring of see invisible (left hand)
Scrolls
 k - a scroll of remove curse {unknown}
 l - a scroll of fog {unknown}
 m - a scroll of enchant weapon {unknown}
 o - a scroll of teleportation {unknown}
Potions
 j - a potion of agility {unknown}
 p - a potion of cancellation {unknown}
Comestibles
 b - 2 rations


   Skills:
 + Level 1.0 Fighting
 + Level 1.0 Short Blades
 + Level 1.0 Long Blades
 + Level 1.0 Axes
 + Level 1.0 Maces & Flails
 + Level 1.0 Polearms
 + Level 1.0 Staves
 + Level 1.0 Slings
 + Level 1.0 Bows
 + Level 1.0 Crossbows
 + Level 1.0 Throwing
 + Level 1.0 Armour
 + Level 4.6 Dodging
 + Level 4.2 Stealth
 + Level 1.0 Shields
 + Level 1.0 Unarmed Combat
 + Level 5.0 Spellcasting
 + Level 2.1 Conjurations
 + Level 0.7 Hexes
 + Level 0.7 Charms
 + Level 0.7 Summonings
 + Level 0.7 Necromancy
 + Level 0.7 Translocations
 + Level 0.7 Transmutations
 + Level 0.7 Fire Magic
 + Level 5.4 Ice Magic
 + Level 0.7 Air Magic
 + Level 0.7 Earth Magic
 + Level 0.7 Poison Magic
 + Level 1.0 Invocations
 + Level 1.0 Evocations


You had 11 spell levels left.
You knew the following spells:

 Your Spells              Type           Power        Failure   Level  Hunger
a - Freeze                Ice            ###.         100%        1    None


Dungeon Overview and Level Annotations

Branches:
Dungeon (3/15)

Altars:
Ru
Lugonu


Innate Abilities, Weirdness & Mutations

Your experience applies equally to all skills.
You have very sharp teeth.
Your uncanny sense of smell can sniff out nearby items.


Message History

You throw a stone. The stone hits the giant cockroach.
The giant cockroach is heavily wounded.
The giant cockroach bites you but does no damage. x3
The worm bites you.
* * * LOW HITPOINT WARNING * * *
Throwing (i - inventory)
h - 98 stones (quivered)
Press: ? - help, Shift-Dir - straight line, f - worm, p - giant cockroach
Aim: a worm (lightly wounded)
You throw a stone. The stone hits the worm.
The worm is lightly wounded.
The giant cockroach bites you but does no damage. x2
Throwing (i - inventory)
h - 97 stones (quivered)
Press: ? - help, Shift-Dir - straight line, f/p - worm
Aim: a worm (lightly wounded)
You throw a stone. The stone barely misses the worm.
The giant cockroach bites you.
* * * LOW HITPOINT WARNING * * *
The giant cockroach bites you but does no damage.
The worm bites you.
You die...

#######
##.....##.
##.........
#.......[..
#..s.......
#.@s.......
#..w.......
#..........
#..........
##.....!...
##....(##.
#######


You could see a worm and 2 giant cockroaches.

Vanquished Creatures
  2 adders (D:2)
  A dart slug (D:1)
  A leopard gecko (D:2)
  A ball python (D:1)
  7 bats
  A giant cockroach (D:2)
  4 hobgoblins (D:1)
  6 kobolds
  3 frilled lizards (D:1)
  4 goblins
  A rat (D:3)
31 creatures vanquished.

Notes
Turn   | Place    | Note
-------+----------+-------------------------------------------
     0 | D:1      | wolfsongas the Gnoll Ice Elementalist began the quest for the Orb.
     0 | D:1      | Reached XP level 1. HP: 13/13 MP: 6/6
   206 | D:1      | Reached XP level 2. HP: 19/19 MP: 4/7
  1110 | D:2      | Reached skill level 5 in Spellcasting
  1110 | D:2      | Reached XP level 3. HP: 18/25 MP: 7/9
  1357 | D:2      | Reached skill level 1 in Invocations
  1643 | D:2      | Found a faded altar of an unknown god.
  1693 | D:2      | Became a worshipper of Lugonu the Unformed
  1693 | D:2      | Reached * piety under Lugonu
  1693 | D:2      | Reached ** piety under Lugonu
  2048 | D:2      | Found a sacrificial altar of Ru.
  2202 | D:3      | Reached skill level 1 in Fighting
  2202 | D:3      | Reached skill level 1 in Short Blades
  2202 | D:3      | Reached skill level 1 in Long Blades
  2202 | D:3      | Reached skill level 1 in Axes
  2202 | D:3      | Reached skill level 1 in Maces & Flails
  2202 | D:3      | Reached skill level 1 in Polearms
  2202 | D:3      | Reached skill level 1 in Staves
  2202 | D:3      | Reached skill level 1 in Slings
  2202 | D:3      | Reached skill level 1 in Bows
  2202 | D:3      | Reached skill level 1 in Crossbows
  2202 | D:3      | Reached skill level 1 in Throwing
  2202 | D:3      | Reached skill level 1 in Armour
  2202 | D:3      | Reached skill level 1 in Shields
  2202 | D:3      | Reached skill level 1 in Unarmed Combat
  2202 | D:3      | Reached skill level 1 in Evocations
  2226 | D:3      | Slain by a worm

Vault maps used:
D:1:      dpeg_arrival_erosion
D:2:      overflow_temple_1_default, chequers_ecumenical_altar_island
D:3:      cheibrodos_old_hovel, first_ration, nicolae_ru_path_of_blood

Skill      XL: |  1  2  3 |
---------------+----------+-----
Conjurations   | 2 |  2.1
Spellcasting   | 5 |  5.0
Invocations    | 1 |  1.0
Fighting       | 1 |  1.0
Short Blades   | 1 |  1.0
Long Blades    | 1 |  1.0
Axes           | 1 |  1.0
Maces & Flails | 1 |  1.0
Polearms       | 1 |  1.0
Staves         | 1 |  1.0
Slings         | 1 |  1.0
Bows           | 1 |  1.0
Crossbows      | 1 |  1.0
Throwing       | 1 |  1.0
Armour         | 1 |  1.0
Shields        | 1 |  1.0
Unarmed Combat | 1 |  1.0
Evocations     | 1 |  1.0
Dodging        | |  4.6
Stealth        | |  4.2
Hexes          | |  0.7
Charms         | |  0.7
Summonings     | |  0.7
Necromancy     | |  0.7
Translocations | |  0.7
Transmutations | |  0.7
Fire Magic     | |  0.7
Ice Magic      | |  5.4
Air Magic      | |  0.7
Earth Magic    | |  0.7
Poison Magic   | |  0.7

Action                   || total
-------------------------++-------
Melee: Dagger            ||   162
       Bite              ||    13
Throw: Stone             ||     3
 Cast: Freeze            ||    20
  Use: Scroll            ||     3
       Potion            ||     2
 Stab: Sleeping          ||     1
  Eat: Chunk             ||     3
       Ration            ||     1
Armor: Robe              ||     7
       Plate armour      ||   194
Dodge: Dodged            ||    47

Table legend:
 A = Spawn XP
 B = Non-spawn XP
 C = Spawn XP percentage of total XP
 D = Spawn monster count
 E = Non-spawn monster count
 F = Spawn count percentage of total count
 G = Total turns spent on level
                    A         B        C        D         E        F      G
               +---------+---------+-------+---------+---------+-------+---------
         Total |       0 |      76 |   0.0 |       0 |      31 |   0.0 |  2226
               +---------+---------+-------+---------+---------+-------+---------
           D:1 |       0 |      29 |   0.0 |       0 |      17 |   0.0 |  1052
           D:2 |       0 |      46 |   0.0 |       0 |      13 |   0.0 |  1147
           D:3 |       0 |       1 |   0.0 |       0 |       1 |   0.0 |    27
               +---------+---------+-------+---------+---------+-------+---------
